 Dungeon Crawl Stone Soup version 0.27-a0-1196-g3e9cee4cb2 (webtiles) character file.

Game seed: 14939068477112205808

7 lightspider the Shooter (level 1, -2/12 HPs)
             Began as a Deep Elf Hunter on May 27, 2021.
             Slain by a gnoll
             ... wielding a +0 spear
              (3 damage)
             ... on level 1 of the Dungeon.
             The game lasted 00:02:39 (147 turns).

lightspider the Shooter (Deep Elf Hunter)            Turns: 147, Time: 00:02:40

Health: -2/12      AC:  4    Str:  9    XL:     1   Next: 91%
Magic:  3/3        EV: 12    Int: 15    God:
Gold:   9          SH:  0    Dex: 15    Spells: 0/0 levels left

rFire    . . .     SeeInvis .   a - +1 shortbow
rCold    . . .     Faith    .   (shield currently unavailable)
rNeg     . . .     Spirit   .   c - +1 leather armour
rPois    .         Reflect  .   (no helmet)
rElec    .         Harm     .   (no cloak)
rCorr    .         Rampage  .   (no gloves)
Will     .....                  (no boots)
Stlth    ++........             (no amulet)
HPRegen  0.04/turn              (no ring)
MPRegen  0.08/turn              (no ring)

@: no status effects
A: no striking features
a: no special abilities


You were on level 1 of the Dungeon.
You visited 1 branch of the dungeon, and saw 1 of its levels.

You collected 9 gold pieces.

Inventory:

Hand Weapons
 a - a +1 shortbow (weapon)
 b - a +0 short sword
Missiles
 d - 7 arrows (quivered ammo)
Armour
 c - a +1 leather armour (worn)
 e - a +0 ring mail
Scrolls
 f - a scroll of enchant armour


   Skills:
 + Level 1.6 Fighting
 + Level 0.2 Short Blades
 + Level 5.5 Bows
 + Level 0.1 Armour
 + Level 2.5 Dodging
 + Level 1.5 Stealth


You couldn't memorise any spells.
You didn't know any spells.
Your spell library was empty.

Dungeon Overview and Level Annotations

Branches:
Dungeon (1/15)

Altars:


Message History

The gnoll completely misses you.
A hobgoblin comes into view.
A goblin comes into view. It is wielding a +0 dagger.
You shoot an arrow. The arrow hits the rat!
You kill the rat!
The gnoll barely misses you.
You shoot an arrow. The arrow hits the gnoll.
The gnoll is moderately wounded.
The gnoll closely misses you.
You shoot an arrow. The arrow closely misses the goblin.
The gnoll hits you from afar with a +0 spear.
The goblin closely misses you.
You shoot an arrow. The arrow hits the goblin.
The goblin is severely wounded.
The gnoll hits you from afar with a +0 spear.
Ouch! That really hurt!
* * * LOW HITPOINT WARNING * * *
The goblin completely misses you.
You aren't carrying any potions.
As you read the scroll labelled VAJYURGH ISACWI, it crumbles to dust.
It is a scroll of enchant armour.
Your +0 leather armour glows green for a moment.
The gnoll barely misses you. The goblin barely misses you.
A frilled lizard comes into view.
The goblin shouts!
Fire: 9 arrows
Press: ? - help, Q - select action Shift-Dir - straight line, f - goblin, p - goblin
Aim: a goblin, wielding a +0 dagger (55% to hit)
You shoot an arrow. The arrow barely misses the goblin.
The arrow hits the frilled lizard.
You kill the frilled lizard!
The goblin hits you but does no damage.
Fire: 8 arrows
Press: ? - help, Q - select action Shift-Dir - straight line, f/p - goblin
Aim: a goblin, wielding a +0 dagger (55% to hit)
You shoot an arrow. The arrow hits the goblin!
You kill the goblin!
The goblin closely misses you.
The gnoll hits you from afar with a +0 spear.
You die...

########### ..(..(.@gg#
#########g# #(####### #
#gg......
##.####..######
##.....#..#########
.......(..........#####
........(..............
##.##...#..##.##.#.....


You could see a gnoll, a hobgoblin and a goblin.

Vanquished Creatures
  2 ball pythons (D:1)
  A hobgoblin (D:1)
  2 frilled lizards (D:1)
  2 goblins (D:1)
  2 rats (D:1)
9 creatures vanquished.

Notes
Turn   | Place    | Note
-------+----------+-------------------------------------------
     0 | D:1      | lightspider the Deep Elf Hunter began the quest for the
                  | Orb.
     0 | D:1      | Reached XP level 1. HP: 12/12 MP: 3/3
   117 | D:1      | Found a faded altar of an unknown god.
   147 | D:1      | Slain by a gnoll

Illustrated notes

Levels and vault maps discovered:
D:1:      amcnicky_arrival_double_pillar, layout_basic,
          ebering_ecumenical_altar_box

Action                   || total
-------------------------++-------
 Fire: Shortbow          ||    21
  Use: Scroll            ||     1
Armor: Leather armour    ||     1
Dodge: Dodged            ||     9

Table legend: (Time is in decaauts)
 A = Elapsed time spent in this place.
 B = Non-inter-level travel time spent in this place.
 C = Inter-level travel time spent in this place.
 D = Time resting spent in this place.
 E = Time spent auto-exploring this place.
 F = Levels seen in this place.
 G = Mean time per level.
                   A        B        C        D        E       F      G
               +--------+--------+--------+--------+--------+-----+--------+
         Total |    147 |    147 |      0 |      0 |     70 |   1 |  147.0 |
       Dungeon |    147 |    147 |      0 |      0 |     70 |   1 |  147.0 |
               +--------+--------+--------+--------+--------+-----+--------+

Top non-repeatable levels by time:
     D:1: 147 daAuts
